 Dungeon Crawl Stone Soup version 0.31-a0-523-g071a6c1ffa (webtiles) character file.

Game seed: 16474284206398713924

880 AdnanSaban the Cudgeller (level 8, -1/48 HPs)
             Began as a Gargoyle Fighter on Aug 11, 2023.
             Slain by a gnoll sergeant
             ... wielding a +0 trident
              (2 damage)
             ... while paralysed by a gnoll
             ... on level 5 of the Dungeon.
             The game lasted 00:04:48 (3670 turns).

AdnanSaban the Cudgeller (Gargoyle Fighter)         Turns: 3670, Time: 00:04:49

Health: -1/48      AC: 20    Str: 28    XL:     8   Next: 5%
Magic:  8/8        EV:  2    Int:  9    God:
Gold:   324        SH:  0    Dex:  9    Spells: 7/7 levels left

rFire   + . .        w - +1 whip (elec)
rCold   . . .        c - +0 buckler
rNeg    + . .        g - +0 chain mail
rPois   ∞            a - +2 helmet {SInv}
rElec   +            o - +0 cloak
rCorr   .            (no gloves)
SInv    +            (no boots)
Will    .....        (no amulet) Stlth
                     l - ring of protection from fire
HPRegen 0.28/turn    t - +6 ring of strength
MPRegen 0.11/turn

%: no passive effects
@: paralysed
A: sickness immunity, AC +5, negative energy resistance 1, electricity
resistance, torment resistance 1, petrification resistance
a: no special abilities


You were on level 5 of the Dungeon.
You visited 2 branches of the dungeon, and saw 6 of its levels.

You collected 324 gold pieces.

Inventory:

Hand Weapons
 w - a +1 whip of electrocution (weapon)
Missiles
 y - 4 poisoned darts
 A - 2 boomerangs
Armour
 a - a +2 helmet of see invisible (worn)
 c - a +0 buckler (worn)
 g - a +0 chain mail (worn)
 o - a +0 cloak (worn)
Jewellery
 l - a ring of protection from fire (left hand)
 s - a ring of protection from fire
 t - a +6 ring of strength (right hand)
 B - a ring of flight
Wands
 p - a wand of iceblast (7)
Scrolls
 b - a scroll of fear {unknown}
 f - 2 scrolls of fog {unknown}
 h - a scroll of vulnerability {unknown}
 i - 2 scrolls of noise {unknown}
 q - a scroll of enchant weapon {unknown}
 u - 4 scrolls of identify {unknown}
 v - 2 scrolls of enchant armour {unknown}
 x - a scroll of summoning {unknown}
 z - a scroll of blinking {unknown}
 C - a scroll of teleportation {unknown}
Potions
 d - 2 potions of might
 e - 2 potions of heal wounds {unknown}
 j - 3 potions of curing {unknown}
 k - 2 potions of lignification {unknown}
 m - 2 potions of magic {unknown}
 n - a potion of enlightenment {unknown}
 r - 2 potions of brilliance {unknown}
 D - a potion of attraction {unknown}


   Skills:
 + Level 4.8 Fighting
 + Level 6.0 Maces & Flails
 + Level 5.7 Armour
 + Level 1.3 Dodging
 + Level 0.6 Stealth
 + Level 4.7 Shields


You had 7 spell levels left.
You didn't know any spells.
Your spell library contained the following spells:

 Spells                   Type           Power      Damage    Failure   Level
 Apportation              Tloc           0%         N/A       89%         1
 Mephitic Cloud           Conj/Pois/Air  0%         N/A       99%         3
 Ozocubu's Armour         Ice            0%         N/A       99%         3
 Alistair's Intoxication  Tmut/Pois      0%         N/A       100%        5
 Simulacrum               Ice/Necr       0%         N/A       100%        6
 Ozocubu's Refrigeration  Ice            0%         4d7       100%        7


Dungeon Overview and Level Annotations

Branches:
Dungeon (5/15)             Temple (1/1) D:5

Altars:
Ashenzari
Dithmenos
Elyvilon
Fedhas
Gozag
Hepliaklqana
Kikubaaqudgha
Makhleb
Qazlal
Ru
Sif Muna
Uskayaw
Wu Jian
Xom
The Shining One

Shops:
D:3 (


Innate Abilities, Weirdness & Mutations

You are immune to sickness and miasma.
Your stone body is resilient. (AC +5)
You are immune to poison.
You resist negative energy. (rN+)
You are resistant to electric shocks. (rElec)
You are resistant to unholy torment.
You are immune to petrification.


Message History

The gnoll sergeant hits you but does no damage.
The gnoll hits you but does no damage.
The gnoll hits you from afar with a +0 spear.
You barely miss the gnoll sergeant.
The gnoll sergeant is lightly wounded.
The gnoll sergeant closely misses you. The gnoll hits you but does no damage.
The gnoll barely misses you.
You closely miss the gnoll sergeant.
The gnoll sergeant is lightly wounded.
You hit the gnoll sergeant but do no damage.
The gnoll sergeant is lightly wounded.
The gnoll sergeant barely misses you. You block the gnoll's attack.
The gnoll barely misses you.
The gnoll hits you from afar with a +0 spear.
You barely miss the gnoll sergeant.
The gnoll sergeant hits you but does no damage.
The gnoll barely misses you. You block the gnoll's attack.
The gnoll hits you from afar with a +0 spear.
The gnoll sergeant blocks your attack. The gnoll sergeant closely misses you.
The gnoll hits you but does no damage. The gnoll barely misses you.
The gnoll zaps a wand.
You suddenly lose the ability to move!
The gnoll sergeant hits you with a +0 trident.
The gnoll hits you with a +0 flail. The gnoll hits you but does no damage.
The gnoll hits you from afar with a +0 spear.
The gnoll sergeant hits you with a +0 trident.
The gnoll hits you but does no damage. x2
The gnoll hits you from afar with a +0 spear.
The gnoll sergeant hits you with a +0 trident!
* * * LOW HITPOINT WARNING * * *
The gnoll hits you with a +0 flail.
* * * LOW HITPOINT WARNING * * *
The gnoll hits you but does no damage.
The gnoll hits you from afar with a +0 spear.
* * * LOW HITPOINT WARNING * * *
The gnoll sergeant hits you with a +0 trident.
* * * LOW HITPOINT WARNING * * *
The gnoll hits you but does no damage. The gnoll barely misses you.
The gnoll hits you but does no damage.
The gnoll sergeant hits you with a +0 trident.
You die...

#..).##..)........#####.#####
#....#.....##.....###.......#
#....#......'.....+.....###.#
#..........#......###....<#.#
#####..#...#......##...#..#.#
####...#.#....##.#.####.#
#..........##.#......#
#....#g#..###.########
###.g@g......>##
#...#.8.#......#
....#..g....#....#
...#...8.>.8...#..#
.....#.......#...## .
.....#.8.#....##
....'..........#
...#..#.#.....# .
#..........#


You could see a gnoll sergeant and 3 gnolls.

Vanquished Creatures
  Sigmund (D:3)
  A water moccasin (D:3)
  2 scorpions
  A jelly (D:5)
  2 hounds
  An iguana (D:5)
  An orc priest (D:3)
  A sleepcap (D:4)
  Jessica (D:2)
  3 orc wizards (D:3)
  Robin (D:3)
  5 gnolls
  4 adders
  An ufetubus (D:5)
  A dart slug (D:1)
  16 orcs
  8 endoplasms
  A giant cockroach (D:1)
  15 goblins
  10 hobgoblins
  9 jackals
  4 quokkas
  11 ball pythons
  5 bats
  8 kobolds
  2 rats
115 creatures vanquished.

Notes
Turn   | Place    | Note
-------+----------+-------------------------------------------
     0 | D:1      | AdnanSaban the Gargoyle Fighter began the quest for the
                  | Orb.
     0 | D:1      | Reached XP level 1. HP: 14/14 MP: 1/1
   222 | D:1      | Reached XP level 2. HP: 19/19 MP: 2/2
   857 | D:2      | Reached XP level 3. HP: 18/24 MP: 3/3
   935 | D:2      | Noticed Jessica
   939 | D:2      | Killed Jessica
   940 | D:2      | Reached skill level 3 in Maces & Flails
   940 | D:2      | Reached XP level 4. HP: 26/29 MP: 4/4
   964 | D:2      | Got Gynuraesie's Handbook of Venomous Hoarfrost
  1591 | D:2      | Reached XP level 5. HP: 23/33 MP: 5/5
  1750 | D:3      | Noticed Robin
  1809 | D:3      | Killed Robin
  1896 | D:3      | Found a stormy altar of Qazlal.
  1905 | D:3      | Noticed Sigmund
  1957 | D:3      | Killed Sigmund
  1958 | D:3      | Reached skill level 4 in Maces & Flails
  1958 | D:3      | Reached XP level 6. HP: 31/39 MP: 6/6
  2228 | D:3      | Found Yruovvet's Antique Weapon Shop.
  2408 | D:3      | Found a glowing golden altar of the Shining One.
  2602 | D:4      | Noticed a water moccasin
  2623 | D:3      | Killed a water moccasin
  2624 | D:3      | Reached skill level 5 in Maces & Flails
  2624 | D:3      | Reached skill level 5 in Armour
  2624 | D:3      | Reached skill level 1 in Dodging
  2624 | D:3      | Reached XP level 7. HP: 23/44 MP: 7/7
  3132 | D:4      | Found a shimmering blue altar of Sif Muna.
  3235 | D:4      | Found an opulent altar of Gozag.
  3235 | D:4      | Found a sacrificial altar of Ru.
  3327 | D:4      | Found an ornate altar of the Wu Jian Council.
  3430 | D:5      | Entered Level 5 of the Dungeon
  3453 | D:5      | Found a staircase to the Ecumenical Temple.
  3468 | Temple   | Entered the Ecumenical Temple
  3523 | D:5      | Reached XP level 8. HP: 48/48 MP: 8/8
  3564 | D:5      | Reached skill level 6 in Maces & Flails
  3665 | D:5      | Paralysed by a gnoll for 5 turns
  3669 | D:5      | HP: 1/48 [gnoll sergeant/+0 trident (4)]
  3670 | D:5      | Slain by a gnoll sergeant

Illustrated notes

Levels and vault maps discovered:
D:1:      scummos_arrival_gate, layout_basic
D:2:      layout_basic, chequers_serial_rivers_small_3, uniq_jessica
D:3:      layout_basic, mainiacjoe_overflow_concentric_impassable,
          nicolae_tso_swordbearing_angel, serial_shops, shop, uniq_robin,
          uniq_sigmund
D:4:      layout_rooms, nicolae_wu_jian_immortal_techniques,
          jmf_multi_god_temple, general_overflow_altar
D:5:      layout_basic, minmay_temple_entry_sparse_star, nrook_mini_backslash,
          grunt_decor_junction, nrook_campfire, uniq_crazy_yiuf_cottage,
          uniq_pikel
Temple:   chequers_temple_sunken

Skill      XL: |  1  2  3  4  5  6  7  8 |
---------------+-------------------------+-----
Maces & Flails | 3 4 5 6 |  6.0
Armour         | 4 5 |  5.7
Fighting       | 4 |  4.8
Shields        | 4 |  4.7
Dodging        | 1 |  1.3
Stealth        | |  0.6

Action                     |  1- 3 |  4- 6 |  7- 9 || total
---------------------------+-------+-------+-------++-------
  Melee: Flail             |    73 |   121 |       ||   194
         Whip              |       |   121 |   151 ||   272
 Armour: Chain mail        |    45 |   205 |    92 ||   342
         Scale mail        |     7 |       |       ||     7
  Dodge: Dodged            |    28 |   115 |    66 ||   209
  Block: Buckler           |    13 |    79 |    28 ||   120

Table legend: (Time is in decaauts)
 A = Elapsed time spent in this place.
 B = Non-inter-level travel time spent in this place.
 C = Inter-level travel time spent in this place.
 D = Time resting spent in this place.
 E = Time spent auto-exploring this place.
 F = Levels seen in this place.
 G = Mean time per level.
                   A        B        C        D        E       F      G
               +--------+--------+--------+--------+--------+-----+--------+
         Total |   3704 |   3535 |    169 |    354 |   2218 |   6 |  617.3 |
       Dungeon |   3702 |   3533 |    169 |    354 |   2218 |   5 |  740.4 |
        Temple |      1 |      1 |      0 |      0 |      0 |   1 |    1.0 |
               +--------+--------+--------+--------+--------+-----+--------+

Top non-repeatable levels by time:
     D:3: 1110 daAuts
     D:1: 950 daAuts
     D:2: 900 daAuts
     D:4: 507 daAuts
     D:5: 233 daAuts
  Temple: 1 daAuts
